 Dungeon Crawl Stone Soup version 0.29.0-7-g18a832c13a (webtiles) character file.

Game seed: 3136325612867335516

206 mtoz the Chopper (level 5, 0/47 HPs)
             Began as a Minotaur Berserker on Aug 30, 2022.
             Was a Believer of Trog.
             Slain by a gnoll
             ... wielding a +0 halberd
              (13 damage)
             ... on level 3 of the Dungeon.
             The game lasted 00:05:14 (2401 turns).

mtoz the Chopper (Minotaur Berserker)               Turns: 2401, Time: 00:05:14

Health: 0/47       AC:  8    Str: 30    XL:     5   Next: 53%
Magic:  4/4        EV: 11    Int:  4    God:    Trog [**....]
Gold:   50         SH:  0    Dex:  9    Spells: 4/4 levels left

rFire   . . .      SeeInvis .   a - +0 hand axe
rCold   . . .      Faith    .   (no shield)
rNeg    . . .      Spirit   .   g - +0 scale mail
rPois   +          Reflect  .   (helmet restricted)
rElec   .          Harm     .   n - +0 cloak
rCorr   .          Rampage  .   (no gloves)
Will    ++...                   (no boots)
Stlth   ..........              (no amulet)
HPRegen 1.15/turn               f - +6 ring of strength
MPRegen 0.09/turn               i - ring of poison resistance

@: strong-willed, regenerating
A: horns 2, retaliatory headbutt
a: Renounce Religion, Berserk, Trog's Hand


You were on level 3 of the Dungeon.
You worshipped Trog.
Trog was pleased with you.
You visited 1 branch of the dungeon, and saw 3 of its levels.

You collected 50 gold pieces.

Inventory:

Hand Weapons
 a - a +0 hand axe (weapon)
 j - a +0 morningstar
Armour
 g - a +0 scale mail (worn)
 l - a scarf of shadows
 n - a +0 cloak (worn)
Jewellery
 d - a ring of protection from cold
 f - a +6 ring of strength (left hand)
 i - a ring of poison resistance (right hand)
Scrolls
 c - a scroll of fog
 k - a scroll of magic mapping
Potions
 e - a potion of lignification
 h - a potion of mutation {unknown}


   Skills:
 + Level 4.8 Fighting
 + Level 4.8 Axes
 + Level 4.0 Armour
 + Level 3.6 Dodging
 + Level 0.7 Evocations


You had 4 spell levels left.
You didn't know any spells.
Your spell library was empty.

Dungeon Overview and Level Annotations

Branches:
Dungeon (3/15)

Altars:
Cheibriados


Innate Abilities, Weirdness & Mutations

You have a pair of horns on your head.
You reflexively headbutt those who attack you in melee.


Message History

e - a potion of lignification
As you read the scroll of identify, it crumbles to dust.
k - a scroll of magic mapping A gnoll comes into view.
It is wielding a +0 whip.
The gnoll shouts!
You hear a shout!
A gnoll comes into view. It is wielding a +1 spear of venom.
You hear a shout!
You hear an angry hiss.
A gnoll comes into view. It is wielding a +0 halberd.
The gnoll hits you but does no damage.
The gnoll shouts!
You hit the gnoll but do no damage. You closely miss the gnoll.
Your headbutt misses the gnoll. The gnoll hits you with a +0 whip.
The gnoll hits you from afar with a +1 spear of venom.
You hit the gnoll. You headbutt the gnoll.
The gnoll is moderately wounded.
The gnoll hits you but does no damage. The gnoll closely misses you.
You furiously retaliate!
You headbutt the gnoll. You barely miss the gnoll. You headbutt the gnoll.
You kill the gnoll!
Trog accepts your kill.
The gnoll hits you from afar with a +1 spear of venom.
The gnoll closely misses you.
The gnoll hits you with a +1 spear of venom.
You slash the gnoll!
The gnoll is heavily wounded.
The gnoll barely misses you.
The gnoll hits you from afar with a +0 halberd.
You hit the gnoll.
The gnoll is almost dead.
The gnoll barely misses you.
The gnoll hits you from afar with a +0 halberd!
You are too injured to fight recklessly!
You are too injured to fight recklessly!
Your skin crawls.
You feel strong-willed.
The gnoll hits you with a +1 spear of venom.
* * * LOW HITPOINT WARNING * * *
The gnoll hits you from afar with a +0 halberd!
You die...

#.##<#
#.##=#
#.#..#
##.#.##
#..#.#
#.#..#
..#####...##
#.....).###
###..##@#
#.. #g# #
#g# #.# #.#
#.# #.# #.#


You could see 2 gnolls.

Vanquished Creatures
  Terence (D:2)
  8 gnolls
  5 adders (D:2)
  A worm (D:2)
  2 dart slugs (D:1)
  2 endoplasms
  2 giant cockroaches
  4 goblins
  3 hobgoblins (D:1)
  6 jackals
  2 quokkas
  4 ball pythons
  5 bats
  3 frilled lizards
  3 kobolds
  6 rats
57 creatures vanquished.

Notes
Turn   | Place    | Note
-------+----------+-------------------------------------------
     0 | D:1      | mtoz the Minotaur Berserker began the quest for the Orb.
     0 | D:1      | Reached XP level 1. HP: 19/19 MP: 0/0
    61 | D:1      | Found a faded altar of an unknown god.
   291 | D:1      | Reached XP level 2. HP: 27/27 MP: 1/1
   893 | D:1      | Reached XP level 3. HP: 31/33 MP: 2/2
  1047 | D:1      | Reached ** piety under Trog
  1112 | D:2      | Noticed Terence
  1121 | D:2      | Killed Terence
  1394 | D:2      | Reached XP level 4. HP: 39/41 MP: 3/3
  1818 | D:2      | Found a snail-covered altar of Cheibriados.
  1884 | D:2      | Reached XP level 5. HP: 47/47 MP: 4/4
  2401 | D:3      | Slain by a gnoll

Illustrated notes

Levels and vault maps discovered:
D:1:      pf_arrival_petrified_forest, layout_basic,
          hellmonk_ecumenical_altar_leap_of_faith
D:2:      layout_rooms, basic_altar, serial_aquarium, aquarium_bridge_square
          [aquarium_subvault_bridge, aquarium_subvault_balcony,
          aquarium_subvault_bridge, aquarium_subvault_window],
          aquarium_bridge_straight [aquarium_subvault_bridge,
          aquarium_subvault_wall, aquarium_subvault_bridge,
          aquarium_subvault_balcony], aquarium_window_2, aquarium_window_fake,
          aquarium_view_2b, aquarium_pool_S, uniq_terence
D:3:      layout_rooms, serial_shops, nicolae_shop_crystal

Skill      XL: |  1  2  3  4  5 |
---------------+----------------+-----
Axes           | 4 |  4.8
Fighting       | 4 |  4.8
Armour         | 3 4 |  4.0
Dodging        | 3 |  3.6
Evocations     | |  0.7

Action                   |  1- 3 |  4- 6 || total
-------------------------+-------+-------++-------
Melee: Hand axe          |    62 |    65 ||   127
       Headbutt          |     6 |    12 ||    18
Invok: Trog's Hand       |     1 |     2 ||     3
       Berserk           |     1 |     1 ||     2
  Use: Scroll            |     2 |     2 ||     4
Armor: Animal skin       |    14 |       ||    14
       Scale mail        |     5 |    31 ||    36
Dodge: Dodged            |    45 |    39 ||    84
